 Dungeon Crawl Stone Soup version 0.30.1-11-g7821555f0a (webtiles) character file.

Game seed: 3629617352271997447

127 SacredBeard the Chopper (level 5, 0/47 HPs)
             Began as a Hill Orc Fighter on Nov 7, 2023.
             Slain by an orc wizard
             ... wielding a +0 dagger
              (2 damage)
             ... on level 2 of the Dungeon.
             The game lasted 00:03:23 (1284 turns).

SacredBeard the Chopper (Hill Orc Fighter)          Turns: 1284, Time: 00:03:24

Health: 0/47       AC: 10    Str: 19    XL:     5   Next: 11%
Magic:  5/5        EV:  8    Int:  8    God:
Gold:   55         SH:  5    Dex: 12    Spells: 4/4 levels left

rFire   . . .        a - +0 war axe
rCold   . . .        c - +0 buckler
rNeg    . . .        p - +0 chain mail
rPois   .            (no helmet)
rElec   .            (no cloak)
rCorr   +            (no gloves)
SInv    .            f - +0 pair of boots
Will    .....        (no amulet) Stlth
                     b - ring of resist corrosion
HPRegen 0.27/turn    (no ring)
MPRegen 0.09/turn

%: no passive effects
@: no status effects
A: no striking features
a: no special abilities


You were on level 2 of the Dungeon.
You visited 1 branch of the dungeon, and saw 2 of its levels.

You collected 55 gold pieces.

Inventory:

Hand Weapons
 a - a +0 war axe (weapon)
Missiles
 h - 12 poisoned darts (quivered)
Armour
 c - a +0 buckler (worn)
 f - a +0 pair of boots (worn)
 p - a +0 chain mail (worn)
Jewellery
 b - a ring of resist corrosion (left hand)
Scrolls
 g - 3 scrolls of teleportation {unknown}
 j - 3 scrolls of silence {unknown}
 k - 2 scrolls of vulnerability {unknown}
 l - a scroll of magic mapping {unknown}
 m - a scroll of identify {unknown}
 n - a scroll of poison {unknown}
 q - a scroll of immolation {unknown}
Potions
 d - a potion of might
 e - a potion of heal wounds {unknown}
 i - 2 potions of haste {unknown}
 o - a potion of curing {unknown}


   Skills:
 + Level 4.3 Fighting
 * Level 4.6 Axes
 + Level 3.9 Armour
 - Level 1.0 Dodging
 + Level 3.9 Shields


You had 4 spell levels left.
You didn't know any spells.
Your spell library contained the following spells:

 Spells                   Type           Power      Damage    Failure   Level
 Hailstorm                Conj/Ice       0%         3d3       100%        3
 Ice Form                 Ice/Tmut       0%         N/A       100%        4
 Simulacrum               Ice/Necr       0%         N/A       100%        6


Dungeon Overview and Level Annotations

Branches:
Dungeon (2/15) Zot: 10664

Altars:


Message History

You feel less confused. The orc wizard casts a spell at you.
You are confused.
You bump into the rock wall.
The orc wizard barely misses you.
You bump into the rock wall.
The orc wizard hits you but does no damage.
You closely miss the orc wizard.
The orc wizard is almost dead.
The orc wizard casts a spell at you. You resist with some effort.
The orc wizard hits you but does no damage.
You're too confused to move!
The orc wizard hits you but does no damage.
You bump into the rock wall.
You feel less confused. The orc wizard casts a spell at you.
You resist with some effort.
You hit the orc wizard but do no damage.
The orc wizard is almost dead.
The orc wizard barely misses you.
You barely miss the orc wizard.
The orc wizard is almost dead.
The orc wizard hits you but does no damage.
You miss the orc wizard.
The orc wizard is almost dead.
The orc wizard hits you but does no damage.
The orc wizard hits you with a +0 dagger.
* * * LOW HITPOINT WARNING * * *
You closely miss the orc wizard.
The orc wizard is almost dead.
The orc wizard points at you and mumbles some strange words.
You resist with some effort.
You closely miss the orc wizard.
The orc wizard is almost dead.
The orc wizard hits you but does no damage.
You closely miss the orc wizard.
The orc wizard is almost dead.
The orc wizard hits you but does no damage.
The orc wizard hits you with a +0 dagger.
You die...

#.........#
#.#######.#######
#.# #.......# ###.#
#.#####.# #...# #.#
##.#.# #.#
#####....# #.#
#........#######)#
#.###........oro@#
#.# ##.######.####
#†# #.#.....{..#
#.##...#.##....Ko#..
#.# .# #
#.##.....o.# #.# .#
#. #........
#.##.###.#.
##..>#..#


You could see an orc wizard, an orc and a rat.

Vanquished Creatures
  An orc priest (D:2)
  An orc wizard (D:2)
  4 gnolls
  An adder (D:2)
  2 dart slugs (D:1)
  An orc (D:2)
  2 ball pythons
  2 giant cockroaches (D:1)
  A goblin (D:1)
  3 hobgoblins
  2 kobolds
  A quokka (D:1)
  A bat (D:1)
  3 rats
25 creatures vanquished.

Notes
Turn   | Place    | Note
-------+----------+-------------------------------------------
     0 | D:1      | SacredBeard the Hill Orc Fighter began the quest for the
                  | Orb.
     0 | D:1      | Reached XP level 1. HP: 19/19 MP: 1/1
   198 | D:1      | Reached XP level 2. HP: 23/27 MP: 2/2
   914 | D:1      | Reached XP level 3. HP: 22/33 MP: 3/3
  1004 | D:2      | Reached XP level 4. HP: 25/40 MP: 4/4
  1094 | D:2      | Reached skill level 1 in Dodging
  1255 | D:2      | Reached XP level 5. HP: 12/47 MP: 5/5
  1269 | D:2      | HP: 1/47 [something/puff of flame (5)]
  1281 | D:2      | HP: 1/47 [orc wizard/+0 dagger (4)]
  1284 | D:2      | Slain by an orc wizard

Illustrated notes

Levels and vault maps discovered:
D:1:      lightli_arrival_noodles, layout_basic
D:2:      layout_loops_ring

Skill      XL: |  1  2  3  4 |
---------------+-------------+-----
Axes           | 3 4 |  4.6
Fighting       | 4 |  4.3
Dodging        | 1 |  1.0
Armour         | |  3.9
Shields        | |  3.9

Action                     |  1- 3 |  4- 6 || total
---------------------------+-------+-------++-------
  Melee: War axe           |    70 |    75 ||   145
 Armour: Scale mail        |    25 |       ||    25
         Chain mail        |    16 |    42 ||    58
  Dodge: Dodged            |    26 |    18 ||    44
  Block: Buckler           |    20 |     8 ||    28
